 Dungeon Crawl Stone Soup version 0.22.1-2-g9c5b331383 (webtiles) character file.

2188 Gargoyl the Chopper (level 9, -2/74 HPs)
             Began as a Centaur Abyssal Knight on Jan 6, 2019.
             Was a Priest of Lugonu.
             Slain by an orc warrior
             ... wielding a +0 flail
              (11 damage)
             ... on level 7 of the Dungeon.
             The game lasted 00:13:51 (8231 turns).

Gargoyl the Chopper (Centaur Abyssal Knight)        Turns: 8231, Time: 00:13:52

Health: -2/74      AC: 17    Str: 16    XL:     9   Next: 12%
Magic:  12/12      EV:  5    Int: 11    God:    Lugonu [***...]
Gold:   80         SH:  3    Dex: 11    Spells: 8/8 levels left

rFire    . . .     SeeInvis +   a - +4 hand axe
rCold    + . .     Gourm    .   b - +0 buckler
rNeg     . . .     Faith    .   d - +1 chain mail
rPois    +         Spirit   .   o - +1 helmet
rElec    +         Reflect  .   p - +2 cloak {rPois}
rCorr    .         Harm     .   u - +1 pair of gloves of Weightlessness {rElec rC+ MR+}
MR       +....                  (no barding)
Stlth    ..........             (no amulet)
HPRegen  0.22/turn              v - ring of see invisible
MPRegen  0.13/turn              (no ring)

@: very quick
A: large, hooves 3, deformed body, speed 2, tough skin 3
a: Depart the Abyss, Bend Space, Banish, Renounce Religion


You were on level 7 of the Dungeon.
You worshipped Lugonu.
Lugonu was most pleased with you.
You were hungry.

You visited 1 branch of the dungeon, and saw 7 of its levels.
You visited the Abyss 1 time.

You collected 476 gold pieces.
You spent 396 gold pieces at shops.

Inventory:

Hand Weapons
 a - a +4 hand axe (weapon)
 l - a +0 long sword of holy wrath
Armour
 b - a +0 buckler (worn)
 d - a +1 chain mail (worn)
 m - a scarf of resistance
 o - a +1 helmet (worn)
 p - a +2 cloak of poison resistance (worn)
 u - the +1 pair of gloves of Weightlessness (worn) {rElec rC+ MR+}
   (You bought it in a shop on level 4 of the Dungeon)

   It protects you from cold.
   It insulates you from electricity.
   It affects your resistance to hostile enchantments.
Jewellery
 v - a ring of see invisible (left hand)
 x - a cursed ring of attention {unknown}
Wands
 w - a wand of flame (33)
Scrolls
 e - 2 scrolls of blinking
 f - 2 scrolls of magic mapping
 g - 6 scrolls of teleportation
 h - a scroll of fog
 s - 5 scrolls of identify
Potions
 i - 2 potions of curing
 j - 2 potions of cancellation
 k - a potion of might
 n - a potion of magic
 q - a potion of ambrosia
 r - a potion of mutation {unknown}
 t - 4 potions of heal wounds
Comestibles
 c - 9 rations


   Skills:
 + Level 5.2 Fighting
 + Level 6.0 Axes
 * Level 5.3 Armour
 * Level 3.3 Dodging
 + Level 0.4 Shields
 * Level 5.1 Invocations


You had 8 spell levels left.
You didn't know any spells.
Your spell library contained the following spells:

 Spells                   Type           Power        Failure   Level  Hunger
 Beastly Appendage        Tmut           #.....       100%        1    ##.....
 Magic Dart               Conj           #...         100%        1    ##.....
 Blink                    Tloc           N/A          100%        2    ###....
 Call Imp                 Summ           #.......     100%        2    ###....
 Slow                     Hex            #.......     100%        2    ###....
 Sticks to Snakes         Tmut           #.......     100%        2    ###....
 Conjure Flame            Conj/Fire      #.......     100%        3    ####...
 Mephitic Cloud           Conj/Pois/Air  #.......     100%        3    ####...
 Spider Form              Tmut/Pois      #.........   100%        3    ####...
 Ice Form                 Ice/Tmut       #.......     100%        4    #####..
 Blade Hands              Tmut           #.........   100%        5    ######.


Dungeon Overview and Level Annotations

Branches:
Dungeon (7/15)
 Temple: D:4-7

Altars:
Dithmenos
Fedhas
Gozag
Hepliaklqana
Trog
Xom

Shops:
D:4 [   D:5 !(:((

Annotations:
D:5 exclusion: oklob plant


Innate Abilities, Weirdness & Mutations

You have hooves in place of feet.
Armour fits poorly on your strangely shaped body.
You cover ground very quickly.
You have extremely tough skin. (AC +3)


Message History

You hit the orc warrior but do no damage.
You kick the orc warrior, but do no damage.
The orc warrior is almost dead.
The orc warrior hits you with a flail.
* * * LOW HITPOINT WARNING * * *
You hit the orc warrior but do no damage.
Your kick misses the orc warrior.
The orc warrior is almost dead.
The orc warrior hits you with a flail.
* * * LOW HITPOINT WARNING * * *
You hit the orc warrior but do no damage.
Your kick misses the orc warrior.
The orc warrior is almost dead.
The orc warrior hits you with a flail.
* * * LOW HITPOINT WARNING * * *
Your shield and chain mail prevent you from hitting the orc warrior.
You kick the orc warrior.
The orc warrior is almost dead.
The orc warrior hits you with a flail!
You die...

#.###.#.. #.#.....
#.:....$.#..#
#.#)#.##.#.##.#..#...#..##
#.#.......................
.......... .?............
#.###.#..# ...........#
#.###.#..# # ##.........##
#...#.#..#.# #..))........
......#..#.####.@o....#.##
............(....#........
#####.#..#.#....##........
.<........>....###.......#
#####..#.#....##.#........
##.#.#.#.##.)..#..#...
#.#.#.#..##.#........
#####...#.#...###........
#...............##........


You could see an orc warrior.

Vanquished Creatures
  Sigmund (D:3)
  An orc warrior (D:5)
  An ice beast (D:5)
  3 ogres
  A phantom (D:4)
  A centaur (D:5)
  A bullfrog (D:5)
  3 scorpions
  4 wights
  2 crimson imps
  A howler monkey (D:6)
  A centaur zombie (D:6)
  3 orc priests
  A bullfrog skeleton (D:6)
  A gnoll shaman (D:5)
  A jelly (D:6)
  2 orc wizards
  3 hounds
  An iguana (D:6)
  Terence (D:3)
  7 worker ants
  A killer bee zombie (D:6)
  2 worker ant zombies
  11 gnolls
  A howler monkey skeleton (D:6)
  4 adders
  7 shadow imps
  An ooze (D:1)
  An adder skeleton (D:4)
  An adder zombie (D:7)
  A worm (D:2)
  2 dart slugs (D:2)
  6 leopard geckos
  17 orcs
  5 bats
  2 giant cockroaches
  11 goblins
  8 hobgoblins
  2 jackals (D:2)
  6 kobolds
  2 quokkas
  2 ball pythons
  12 frilled lizards
  A jackal skeleton (D:5)
  A leopard gecko skeleton (D:4)
  6 rats
153 creatures vanquished.

Vanquished Creatures (others)
  2 starspawn tentacles (Abyss:4)
2 creatures vanquished.

Grand Total: 155 creatures vanquished

Notes
Turn   | Place    | Note
-------+----------+-------------------------------------------
     0 | Abyss:1  | Gargoyl the Centaur Abyssal Knight began the quest for the
                  | Orb.
     0 | Abyss:1  | Reached XP level 1. HP: 19/19 MP: 2/2
    52 | Abyss:2  | Noticed an ancient zyme
   156 | Abyss:2  | Noticed a large abomination
   157 | Abyss:3  | Noticed a catoblepas skeleton
   205 | Abyss:4  | Noticed a tentacled starspawn
   231 | Abyss:4  | Noticed an orc sorcerer
   234 | Abyss:4  | Paralysed by an orc sorcerer for 2 turns
   249 | Abyss:4  | Noticed a smoke demon
   249 | Abyss:4  | Noticed a raiju
   249 | Abyss:4  | Noticed a blizzard demon
   314 | D:1      | Escaped the Abyss
   508 | D:1      | Reached XP level 2. HP: 25/26 MP: 3/3
   576 | D:1      | Reached * piety under Lugonu
   659 | D:1      | Reached skill level 1 in Dodging
   687 | D:1      | Reached skill level 2 in Axes
   814 | D:1      | Reached XP level 3. HP: 25/31 MP: 4/4
  1700 | D:2      | Reached XP level 4. HP: 40/40 MP: 5/5
  2178 | D:3      | Noticed Terence
  2199 | D:3      | Killed Terence
  2414 | D:3      | Reached ** piety under Lugonu
  2535 | D:3      | Reached XP level 5. HP: 46/46 MP: 5/7
  2587 | D:3      | Noticed Sigmund
  2596 | D:3      | Killed Sigmund
  2596 | D:3      | Reached skill level 3 in Axes
  2596 | D:3      | Reached XP level 6. HP: 48/52 MP: 8/8
  2894 | D:4      | Noticed an orc warrior
  3344 | D:5      | Entered Level 5 of the Dungeon
  3959 | D:5      | Found Huaclux's Weapon Boutique.
  3959 | D:5      | Found Zeemen's Book Shop.
  3969 | D:5      | Found Udweux's Weapon Emporium.
  3973 | D:5      | Noticed an ice beast
  3987 | D:5      | Killed an ice beast
  3987 | D:5      | Reached XP level 7. HP: 36/59 MP: 9/9
  4134 | D:5      | Found a transporter.
  4135 | D:5      | Found a transporter.
  4154 | D:5      | Reached skill level 4 in Axes
  4203 | D:5      | Found Emuges's Weapon Boutique.
  4981 | D:4      | Found Kaneju's Antique Armour Emporium.
  4993 | D:4      | Bought a pair of bloodstained gloves for 266 gold pieces
  4998 | D:4      | Identified the +1 pair of gloves of Weightlessness {rElec
                  | rC+ MR+} (You bought it in a shop on level 4 of the
                  | Dungeon)
  5561 | D:5      | Found a bloodstained altar of Trog.
  5562 | D:5      | Found a hazy altar of Hepliaklqana.
  5562 | D:5      | Found a shadowy altar of Dithmenos.
  5563 | D:5      | Found an opulent altar of Gozag.
  5563 | D:5      | Found a shimmering altar of Xom.
  5577 | D:5      | Reached XP level 8. HP: 46/67 MP: 11/11
  5798 | D:5      | Found a blossoming altar of Fedhas.
  5809 | D:5      | Noticed an oklob plant
  6261 | D:5      | Reached *** piety under Lugonu
  6261 | D:5      | Reached skill level 5 in Axes
  6510 | D:5      | Found Tikuk's Distillery.
  6598 | D:5      | Bought 2 potions of heal wounds for 130 gold pieces
  6859 | D:5      | Reached skill level 5 in Fighting
  7122 | D:6      | Reached skill level 5 in Armour
  7438 | D:6      | Reached skill level 5 in Invocations
  7649 | D:6      | Reached XP level 9. HP: 68/74 MP: 12/12
  7735 | D:6      | Reached skill level 6 in Axes
  8231 | D:7      | Slain by an orc warrior

Skill      XL: |  1  2  3  4  5  6  7  8  9 |
---------------+----------------------------+-----
Dodging        | 1 2 3 |  3.3
Axes           | 2 3 4 5 6 |  6.0
Armour         | 2 3 4 5 |  5.3
Fighting       | 4 5 |  5.2
Invocations    | 3 4 5 |  5.1
Shields        | |  0.4

Action                   |  1- 3 |  4- 6 |  7- 9 || total
-------------------------+-------+-------+-------++-------
Melee: Hand axe          |    89 |   181 |   317 ||   587
       Kick              |    15 |    35 |    73 ||   123
Invok: Depart the Abyss  |     1 |       |       ||     1
  Use: Scroll            |     6 |     3 |     6 ||    15
       Potion            |     1 |     4 |     2 ||     7
  Eat: Chunk             |     1 |     7 |     4 ||    12
       Ration            |       |       |     2 ||     2
Armor: Chain mail        |    61 |   151 |   201 ||   413
Dodge: Dodged            |    17 |    59 |    66 ||   142
Block: Buckler           |       |       |    14 ||    14
